 Dungeon Crawl Stone Soup version 0.28.0-53-g5a82cb258f (webtiles) character file.

Game seed: 12685159141897469152

315 Zeld the Chopper (level 6, 0/56 HPs)
             Began as a Minotaur Berserker on May 23, 2022.
             Was a Believer of Trog.
             Slain by Crazy Yiuf
             ... wielding a +4 quarterstaff of chaos
              (1 damage)
             ... while paralysed by Crazy Yiuf
             ... on level 3 of the Dungeon.
             The game lasted 00:03:11 (4588 turns).

Zeld the Chopper (Minotaur Berserker)               Turns: 4588, Time: 00:03:12

Health: 0/56       AC:  2    Str: 24    XL:     6   Next: 20%
Magic:  3/5        EV:  2    Int:  4    God:    Trog [**....]
Gold:   86         SH:  0    Dex:  9    Spells: 5/5 levels left

rFire   . . .      SeeInvis .   a - +0 hand axe
rCold   . . .      Faith    .   (no shield)
rNeg    . . .      Spirit   .   b - +0 animal skin
rPois   .          Reflect  .   (helmet restricted)
rElec   .          Harm     .   (no cloak)
rCorr   .          Rampage  .   (no gloves)
Will    .....                   (no boots)
Stlth   +.........              (no amulet)
HPRegen 0.18/turn               (no ring)
MPRegen 0.09/turn               (no ring)

@: paralysed
A: horns 2, retaliatory headbutt
a: Renounce Religion, Berserk, Trog's Hand


You were on level 3 of the Dungeon.
You worshipped Trog.
Trog was pleased with you.
You visited 1 branch of the dungeon, and saw 3 of its levels.

You collected 86 gold pieces.

Inventory:

Hand Weapons
 a - a +0 hand axe (weapon)
Armour
 b - a +0 animal skin (worn)
Scrolls
 c - a scroll of identify {unknown}
 e - a scroll of silence {unknown}
 g - a scroll of fog {unknown}
Potions
 d - 3 potions of haste {unknown}
 f - a potion of heal wounds {unknown}
 h - a potion of berserk rage {unknown}
 i - a potion of degeneration {unknown}
 j - 2 potions of attraction {unknown}


   Skills:
 * Level 5.6 Fighting
 * Level 5.7 Axes
 + Level 3.9 Armour
 + Level 3.4 Dodging


You had 5 spell levels left.
You didn't know any spells.
Your spell library was empty.

Dungeon Overview and Level Annotations

Branches:
Dungeon (3/15)

Altars:
Ashenzari
Fedhas
Gozag
Hepliaklqana
Kikubaaqudgha
Nemelex Xobeh
Qazlal
Trog
Xom
Yredelemnul
The Shining One

Annotations:
D:3 Crazy Yiuf


Innate Abilities, Weirdness & Mutations

You have a pair of horns on your head.
You reflexively headbutt those who attack you in melee.


Message History

Crazy Yiuf says, "Walk!
Rot leg return to song."
Crazy Yiuf barely misses you.
Unknown command.
You hit Crazy Yiuf. You headbutt Crazy Yiuf.
Crazy Yiuf is moderately wounded.
Crazy Yiuf hits you with a +4 quarterstaff of chaos!
Crazy Yiuf burns you.
Unknown command.
You hit Crazy Yiuf. You headbutt Crazy Yiuf.
Crazy Yiuf is severely wounded.
Crazy Yiuf completely misses you.
Unknown command.
You completely miss Crazy Yiuf.
Crazy Yiuf is severely wounded.
Crazy Yiuf yells, "Candle Orb Guardian hog!"
Crazy Yiuf completely misses you.
Unknown command.
You hit Crazy Yiuf but do no damage.
Crazy Yiuf is severely wounded.
Crazy Yiuf says, "Crazy?
Crazy!?
PORCUPINE!"
Crazy Yiuf hits you with a +4 quarterstaff of chaos.
* * * LOW HITPOINT WARNING * * *
You feel your power leaking away.
Unknown command.
You closely miss Crazy Yiuf. Your headbutt misses Crazy Yiuf.
Crazy Yiuf is severely wounded.
Crazy Yiuf grits, "Sif Muna sizzlefizz disdain!"
Crazy Yiuf closely misses you.
Unknown command.
Unknown command.
You hit Crazy Yiuf but do no damage.
Crazy Yiuf is severely wounded.
Crazy Yiuf hits you with a +4 quarterstaff of chaos!
* * * LOW HITPOINT WARNING * * *
You suddenly lose the ability to move!
Crazy Yiuf barely misses you.
Crazy Yiuf hits you with a +4 quarterstaff of chaos.
* * * LOW HITPOINT WARNING * * *
Crazy Yiuf freezes you.
You die...

########## ########
#........########.......
#.######..........###### ###
##########.# ### ######### #.#
#.. ........####### #.# ###
#########.#.#.### ### #.# ##
#####...P..#..##...# #.# #.
#.........####@g...# #.# #.
#.....#.P## ###..)# #.#####.
#.....#### ### ###....... ####.##
#...###<#. ######.# ###.###.#.
....##.# #################.#.....
....##.###.......................
.................†.......†.......
...........#...#..#.###..........


You could see Crazy Yiuf.

Vanquished Creatures
  A water moccasin (D:3)
  A necrophage (D:2)
  A hound skeleton (D:3)
  3 gnolls
  2 adders (D:3)
  A worm (D:2)
  3 dart slugs
  An orc (D:3)
  6 endoplasms
  2 giant cockroaches (D:2)
  7 goblins
  6 hobgoblins
  5 jackals (D:1)
  3 quokkas
  3 ball pythons
  3 bats
  A frilled lizard (D:3)
  4 kobolds
  3 rats
56 creatures vanquished.

Vanquished Creatures (others)
  3 fungi (D:3)
3 creatures vanquished.

Grand Total: 59 creatures vanquished

Notes
Turn   | Place    | Note
-------+----------+-------------------------------------------
     0 | D:1      | Zeld the Minotaur Berserker began the quest for the Orb.
     0 | D:1      | Reached XP level 1. HP: 19/19 MP: 0/0
   382 | D:1      | Reached XP level 2. HP: 27/27 MP: 1/1
   840 | D:1      | Reached XP level 3. HP: 30/33 MP: 2/2
  1848 | D:1      | Reached ** piety under Trog
  2111 | D:2      | Noticed a necrophage
  2118 | D:2      | Reached XP level 4. HP: 27/39 MP: 3/3
  2121 | D:2      | Killed a necrophage
  2122 | D:2      | Reached skill level 5 in Fighting
  2122 | D:2      | Reached skill level 5 in Axes
  2122 | D:2      | Reached XP level 5. HP: 32/48 MP: 4/4
  3188 | D:3      | Found an ancient bone altar of Kikubaaqudgha.
  3188 | D:3      | Found a stormy altar of Qazlal.
  3192 | D:3      | Found a basalt altar of Yredelemnul.
  3193 | D:3      | Found a hazy altar of Hepliaklqana.
  3195 | D:3      | Found a sparkling altar of Nemelex Xobeh.
  3195 | D:3      | Found a glowing golden altar of the Shining One.
  3196 | D:3      | Found an opulent altar of Gozag.
  3198 | D:3      | Found a shimmering altar of Xom.
  3202 | D:3      | Found a blossoming altar of Fedhas.
  3446 | D:3      | Noticed a water moccasin
  3454 | D:3      | Killed a water moccasin
  3455 | D:3      | Reached XP level 6. HP: 27/56 MP: 5/5
  3788 | D:3      | Found a broken altar of Ashenzari.
  3899 | D:3      | Found a bloodstained altar of Trog.
  4473 | D:3      | Found a runed translucent door.
  4574 | D:3      | Noticed Crazy Yiuf
  4586 | D:3      | Paralysed by Crazy Yiuf for 3 turns
  4588 | D:3      | HP: 1/56 [Crazy Yiuf/+4 quarterstaff of chaos (5)]
  4588 | D:3      | Slain by Crazy Yiuf

Illustrated notes

Levels and vault maps discovered:
D:1:      lightli_arrival_maybe_door_vault, layout_rooms, skrybe_limestone_x
D:2:      layout_basic, serial_bayou_pond_a
D:3:      layout_basic, nicolae_ashenzari_panopticon,
          nicolae_overflow_hallway_of_the_gods, trog_three_pillars_becter,
          uniq_crazy_yiuf_cottage

Skill      XL: |  1  2  3  4 |
---------------+-------------+-----
Axes           | 4 5 |  5.7
Fighting       | 4 5 |  5.6
Armour         | 3 |  3.9
Dodging        | 3 |  3.4

Action                   |  1- 3 |  4- 6 || total
-------------------------+-------+-------++-------
Melee: Hand axe          |    83 |    75 ||   158
       Headbutt          |    11 |    10 ||    21
       Punch             |       |     2 ||     2
 Stab: Sleeping          |       |     2 ||     2
Armor: Animal skin       |    16 |     9 ||    25
Dodge: Dodged            |    64 |    39 ||   103
